 Dungeon Crawl Stone Soup version 0.20-a0-1040-gfd09691 (webtiles) character file.

500 Megalobster the Conjurer (level 6, -6/32 HPs)
             Began as a Deep Elf Conjurer on Apr 23, 2017.
             Mangled by a slave (7 damage)
             ... led by Pikel
             ... on level 4 of the Dungeon.
             The game lasted 00:12:58 (3048 turns).

Megalobster the Conjurer (Deep Elf Conjurer)        Turns: 3048, Time: 00:12:58

Health: -6/32      AC:  2    Str:  6    XL:     6   Next: 94%
Magic:  1/16       EV: 13    Int: 21    God:
Gold:   101        SH:  0    Dex: 15    Spells: 2/16 levels left

rFire    . . .     SeeInvis .   y - -1 hunting sling (curse)
rCold    . . .     Gourm    .   (no shield)
rNeg     . . .     Faith    .   a - +0 robe
rPois    .         Spirit   .   (no helmet)
rElec    .         Reflect  .   (no cloak)
rCorr    .         Harm     .   (no gloves)
MR       .....                  (no boots)
Stlth    ++........             (no amulet)
Regen    0.1/turn               j - ring of wizardry
MPRegen  0.2/turn               (no ring)

@: no status effects
A: no striking features
a: no special abilities


You were on level 4 of the Dungeon.
You were not hungry.

You visited 1 branch of the dungeon, and saw 4 of its levels.

You collected 101 gold pieces.

Inventory:

Hand Weapons
 p - a +0 dagger of freezing
 y - a cursed -1 hunting sling (weapon)
Missiles
 e - 97 stones (quivered)
 x - 18 sling bullets
Armour
 a - a +0 robe (worn)
 q - a +0 shield
Jewellery
 j - a ring of wizardry (left hand)
 E - an uncursed ring of fire
Scrolls
 f - a scroll of identify
 g - a scroll of remove curse
 h - 2 scrolls of immolation {unknown}
 i - a scroll of enchant weapon {unknown}
 k - 3 scrolls of teleportation {unknown}
 m - 2 scrolls of enchant armour {unknown}
 o - 3 scrolls of amnesia
 t - 3 scrolls of random uselessness {unknown}
 z - a scroll of recharging {unknown}
 B - a scroll of noise {unknown}
Potions
 l - 2 potions of degeneration {unknown}
 r - 2 potions of invisibility {unknown}
 s - 2 potions of heal wounds {unknown}
 u - 2 potions of lignification {unknown}
 v - 2 potions of curing {unknown}
 A - 2 potions of mutation {unknown}
 C - a potion of cancellation {unknown}
 D - a potion of agility {unknown}
Books
 b - a book of Conjurations

   Spells                             Type                      Level
   a - Magic Dart                     Conjuration                  1
   b - Searing Ray                    Conjuration                  2
   c - Dazzling Spray                 Conjuration/Hexes            3
   d - Fulminant Prism                Conjuration/Hexes            4
   e - Force Lance                    Conjuration/Translocation    4
   f - Iskenderun's Mystic Blast      Conjuration                  4
Comestibles
 c - 4 bread rations
 d - 4 chunks of flesh
 n - 2 fruits
 w - 3 royal jellies


   Skills:
 - Level 2.4 Dodging
 - Level 2.4 Stealth
 + Level 5.6 Spellcasting
 * Level 7.1 Conjurations
 + Level 3.4 Hexes
 + Level 2.4 Translocations


You had 2 spell levels left.
You knew the following spells:

 Your Spells              Type           Power        Failure   Level  Hunger
a - Magic Dart            Conj           ####         1%          1    None
b - Searing Ray           Conj           #####.       1%          2    None
c - Dazzling Spray        Conj/Hex       ####..       1%          3    ##.....
d - Force Lance           Conj/Tloc      ####....     6%          4    ####...
e - Iskenderun's Mystic   Conj           #####...     2%          4    ####...


Dungeon Overview and Level Annotations

Branches:
Dungeon (4/15)
 Temple: D:4-7

Altars:


Message History

The slave is knocked back by the lance of force.
The leopard gecko hisses angrily.
Firing (i - inventory. (,) - cycle):
e - 100 stones (quivered)
Press: ? - help, Shift-Dir - straight line, f/p - slave
Aim: a slave, wearing an animal skin (severely wounded)
You shoot a stone. The stone closely misses the slave.
Firing (i - inventory. (,) - cycle):
e - 99 stones (quivered)
Press: ? - help, Shift-Dir - straight line, f/p - slave
Aim: a slave, wearing an animal skin (severely wounded)
You shoot a stone. The stone closely misses the slave.
The leopard gecko bites you.
* * * LOW HITPOINT WARNING * * *
The slave barely misses you. The leopard gecko bites you.
* * * LOW HITPOINT WARNING * * *
Firing (i - inventory. (,) - cycle):
e - 98 stones (quivered)
Press: ? - help, Shift-Dir - straight line, f/p - slave
Aim: a slave, wearing an animal skin (severely wounded)
You shoot a stone. The stone completely misses the slave.
The leopard gecko misses you. The slave hits you!
You die...

...#...............#
...................#
###..............#
##.....#........ .
#####.....#..## ..##
#####.#.... ....
#......
#..##############..).
#.l@p.....(...##.###
#############..(.(##
##....# #.#..#
###.#..## #.#........
#......#### ###....#
######


You could see a slave and a leopard gecko.

Vanquished Creatures
  Grinder (D:4)
  2 ogres
  A worker ant (D:4)
  A gnoll (D:1)
  3 adders
  2 oozes
  3 worms
  3 dart slugs
  A leopard gecko (D:1)
  An orc (D:4)
  8 bats
  6 giant cockroaches
  5 goblins
  11 hobgoblins
  A quokka (D:4)
  2 ball pythons
  5 frilled lizards
  6 kobolds
  8 rats
70 creatures vanquished.

Notes
Turn   | Place    | Note
-------+----------+-------------------------------------------
     0 | D:1      | Megalobster the Deep Elf Conjurer began the quest for the Orb.
     0 | D:1      | Reached XP level 1. HP: 10/10 MP: 6/6
   260 | D:1      | Reached XP level 2. HP: 15/15 MP: 4/8
   264 | D:1      | Learned a level 2 spell: Searing Ray
   604 | D:1      | Reached skill level 5 in Conjurations
   767 | D:1      | Reached XP level 3. HP: 19/19 MP: 5/10
   971 | D:1      | Learned a level 3 spell: Dazzling Spray
  1502 | D:2      | Reached XP level 4. HP: 23/24 MP: 7/12
  1512 | D:2      | Learned a level 4 spell: Force Lance
  1622 | D:2      | Reached skill level 1 in Hexes
  1792 | D:3      | Noticed an ogre
  1798 | D:3      | Killed an ogre
  1798 | D:3      | Reached XP level 5. HP: 28/28 MP: 9/14
  1940 | D:3      | Reached skill level 6 in Conjurations
  2268 | D:3      | Reached skill level 1 in Translocations
  2400 | D:4      | Noticed Grinder
  2409 | D:4      | Paralysed by Grinder for 2 turns
  2414 | D:4      | Paralysed by Grinder for 2 turns
  2422 | D:4      | Paralysed by Grinder for 3 turns
  2433 | D:4      | Paralysed by Grinder for 3 turns
  2436 | D:4      | Killed Grinder
  2436 | D:4      | Reached skill level 5 in Spellcasting
  2436 | D:4      | Reached XP level 6. HP: 4/32 MP: 0/16
  2716 | D:4      | Learned a level 4 spell: Iskenderun's Mystic Blast
  2893 | D:4      | Reached skill level 7 in Conjurations
  3015 | D:4      | Noticed a slave
  3047 | D:4      | HP: 1/32 [leopard gecko (4)]
  3048 | D:4      | Mangled by a slave

Vault maps used:
D:1:      minmay_arrival_up_and_down
D:2:      first_bread
D:3:      serial_bayou_crossing
D:4:      uniq_pikel, uniq_grinder

Skill      XL: |  1  2  3  4  5  6 |
---------------+-------------------+-----
Conjurations   | 5 6 7 |  7.1
Spellcasting   | 4 5 |  5.6
Hexes          | 2 3 |  3.4
Translocations | 2 |  2.4
Dodging        | |  2.4
Stealth        | |  2.4

Action                   |  1- 3 |  4- 6 || total
-------------------------+-------+-------++-------
Melee: Unarmed           |     1 |       ||     1
       Short sword       |     5 |       ||     5
       Dagger            |       |     5 ||     5
 Fire: Hunting sling     |       |     7 ||     7
 Cast: Magic Dart        |    72 |    58 ||   130
       Searing Ray       |     5 |     6 ||    11
       Force Lance       |       |     5 ||     5
       Dazzling Spray    |       |     2 ||     2
       Iskenderun's Myst |       |     1 ||     1
  Use: Scroll            |       |     3 ||     3
  Eat: Chunk             |     2 |     3 ||     5
       Bread ration      |       |     1 ||     1
Armor: Robe              |     1 |       ||     1
Dodge: Dodged            |    14 |    14 ||    28
